 Dungeon Crawl Stone Soup version 0.21.1-1-g345015f (webtiles) character file.

6119 zishaf the Thaumaturge (level 10, -8/63 HPs)
             Began as a Tengu Conjurer on May 14, 2018.
             Was a Follower of Vehumet.
             Mangled by a brown ugly thing (14 damage)
             ... on level 9 of the Dungeon.
             The game lasted 00:38:10 (10957 turns).

zishaf the Thaumaturge (Tengu Conjurer)            Turns: 10957, Time: 00:38:10

Health: -8/63      AC:  4    Str:  8    XL:     10   Next: 89%
Magic:  8/23       EV:  9    Int: 19    God:    Vehumet [*.....]
Gold:   470        SH:  0    Dex: 15    Spells: 16/26 levels left

rFire    + . .     SeeInvis .   w - staff of fire
rCold    + . .     Gourm    .   (no shield)
rNeg     . . .     Faith    .   E - +1 scale mail "Pufiar" {rC+}
rPois    .         Spirit   .   (helmet restricted)
rElec    .         Reflect  .   v - +0 cloak
rCorr    .         Harm     .   m - +1 pair of gloves
MR       .....                  (boots unavailable)
Stlth    +.........             (no amulet)
HPRegen  0.20/turn              q - ring of wizardry
MPRegen  0.18/turn              I - ring of wizardry

@: corroded
A: beak, talons 3, able to fly 1
a: Fly, Renounce Religion


You were on level 9 of the Dungeon.
You worshipped Vehumet.
Vehumet was aware of your devotion.
You were not hungry.

You visited 2 branches of the dungeon, and saw 10 of its levels.
You also visited: Sewer.

You collected 470 gold pieces.

Inventory:

Hand Weapons
 j - a +2 short sword of draining
 n - a cursed -2 mace
Armour
 a - a +0 robe
 m - a +1 pair of gloves (worn)
 s - +0 fire dragon scales
 v - a +0 cloak (worn)
 z - a +0 ring mail of cold resistance
 E - the +1 scale mail "Pufiar" (worn) {rC+}
   (You took it off an orc on level 7 of the Dungeon)

   It protects you from cold.
Magical Staves
 w - an uncursed staff of fire (weapon)
 G - an uncursed staff of death {unknown}
Jewellery
 d - a +3 ring of evasion
 q - a ring of wizardry (left hand)
 u - an uncursed ring of fire
 I - a ring of wizardry (right hand)
Wands
 o - a wand of flame (105)
Scrolls
 e - 2 scrolls of enchant weapon {unknown}
 k - 7 scrolls of remove curse
 p - 3 scrolls of teleportation
 t - a scroll of amnesia {unknown}
 x - a scroll of fear
 y - 2 scrolls of identify
 A - a scroll of random uselessness {unknown}
 C - 2 scrolls of enchant armour
Potions
 g - a potion of agility
 h - 2 potions of heal wounds
 i - a potion of haste
 l - 5 potions of lignification
 r - 3 potions of curing
 B - a potion of magic
 D - 2 potions of flight
 F - a potion of mutation {unknown}
Books
 b - a book of Conjurations

   Spells                             Type                      Level
   a - Magic Dart                     Conjuration                  1
   b - Searing Ray                    Conjuration                  2
   c - Dazzling Spray                 Conjuration/Hexes            3
   d - Fulminant Prism                Conjuration/Hexes            4
   e - Force Lance                    Conjuration/Translocation    4
   f - Iskenderun's Mystic Blast      Conjuration                  4
 f - the Reference Book on Execration
   (You acquired it on level 6 of the Dungeon)

   Spells                             Type                      Level
   a - Ensorcelled Hibernation        Hexes/Ice                    2
   b - Slow                           Hexes                        2
   c - Summon Guardian Golem          Hexes/Summoning              3
   d - Portal Projectile              Hexes/Translocation          3
   e - Confuse                        Hexes                        3
   f - Tukima's Dance                 Hexes                        3
Comestibles
 c - 9 rations
 H - 5 chunks of flesh


   Skills:
 - Level 7.0 Fighting
 + Level 5.6 Armour
 - Level 4.0 Dodging
 - Level 2.0 Stealth
 + Level 8.6 Spellcasting
 - Level 8.1 Conjurations
 - Level 6.3 Summonings
 + Level 5.8 Evocations


You had 16 spell levels left.
You knew the following spells:

 Your Spells              Type           Power        Failure   Level  Hunger
a - Magic Dart            Conj           ####         1%          1    None
b - Searing Ray           Conj           #####.       1%          2    None
c - Iskenderun's Mystic   Conj           #####...     6%          4    ###....
d - Summon Guardian Gole  Hex/Summ       ###.....     14%         3    None


Dungeon Overview and Level Annotations

Branches:
Dungeon (9/15)             Temple (1/1) D:7
   Lair: D:8-11         Orc: D:9-12

Altars:
Ashenzari
Cheibriados
Dithmenos
Elyvilon
Fedhas
Gozag
Hepliaklqana
Kikubaaqudgha
Makhleb
Nemelex Xobeh
Okawaru
Qazlal
Ru
Sif Muna
Trog
Uskayaw
Vehumet
Wu Jian
Xom
Yredelemnul
Zin
The Shining One

Shops:
D:8 **


Innate Abilities, Weirdness & Mutations

You have a beak for a mouth.
You have claws for feet.
You can fly.


Message History

Casting: Searing Ray
Confirm with . or Enter, or press ? or * to list all spells.
Aiming: Searing Ray
Press: ? - help, Shift-Dir - straight line, f/p - brown ugly thing
Aim: a brown ugly thing (severely wounded)
The searing ray misses the brown ugly thing. (Press . to maintain the ray.)
The brown ugly thing engulfs you but does no damage.
The searing ray misses the brown ugly thing.
The brown ugly thing engulfs you!
* * * LOW HITPOINT WARNING * * *
The acid corrodes you!
You are splashed with acid!
The acid burns!
* * * LOW HITPOINT WARNING * * *
The searing ray hits the brown ugly thing.
The brown ugly thing is almost dead.
The brown ugly thing engulfs you but does no damage.
The searing ray hits the brown ugly thing.
The brown ugly thing is almost dead.
You finish channeling your searing ray.
The brown ugly thing engulfs you!
You die...

#######.....# #..>...÷######## #
#.....# #.......# # ####†##
#.......# ####..# #.......#
#....## ####'#### ##'#######
#...# #........# ###.# ### ##
#........##########'#######..
.####........'..@u..#........##..
.##.'........######.'........##..
.'..#........# ###........##..
.####..<.....# #........#... ##
###[###### #............ #[#
#........#### # #[## ##'####### #
# #).# #...# # ## ##.# #÷#.# #


You could see a brown ugly thing.

Vanquished Creatures
  A hydra (D:9)
  A two-headed ogre (D:8)
  The ghost of filthincarnate the Fighter, a novice GnWn of Okawaru (D:8)
  The ghost of MaidMarian the Covert, a novice SpEn (D:7)
  6 yaks
  Duvessa (D:4)
  2 orc warriors
  4 sky beasts
  2 black bears
  An ice beast (D:7)
  2 ogres
  A necrophage (D:9)
  2 centaurs
  A big kobold (Sewer)
  4 bullfrogs
  A wyvern zombie (D:9)
  Dowan (D:4)
  2 scorpions
  2 water moccasin skeletons
  3 killer bees (D:3)
  A howler monkey (D:2)
  2 crimson imps
  2 centaur zombies
  2 hounds
  A bullfrog zombie (D:9)
  3 orc priests
  An iguana (D:7)
  6 orc wizards
  4 worker ants
  A killer bee zombie (D:8)
  A hound zombie (D:8)
  A hound skeleton (D:6)
  A howler monkey skeleton (D:7)
  9 adders
  2 river rats (Sewer)
  3 shadow imps
  An ooze (D:6)
  An adder skeleton (D:8)
  A worm (D:5)
  2 dart slugs
  8 leopard geckos
  20 orcs
  A ball python (D:2)
  10 bats
  7 giant cockroaches
  9 goblins
  6 hobgoblins
  19 jackals
  7 kobolds
  2 quokkas (D:9)
  6 frilled lizards
  9 rats
188 creatures vanquished.

Notes
Turn   | Place    | Note
-------+----------+-------------------------------------------
     0 | D:1      | zishaf the Tengu Conjurer began the quest for the Orb.
     0 | D:1      | Reached XP level 1. HP: 10/10 MP: 4/4
   153 | D:1      | Reached XP level 2. HP: 15/15 MP: 1/6
   692 | D:1      | Reached XP level 3. HP: 19/19 MP: 5/7
   749 | D:1      | Learned a level 2 spell: Searing Ray
   849 | D:2      | Reached XP level 4. HP: 19/24 MP: 0/9
  1150 | D:2      | Found an ornate altar of the Wu Jian Council.
  1150 | D:2      | Found a hide-covered altar of Uskayaw.
  1151 | D:2      | Found a shadowy altar of Dithmenos.
  1152 | D:2      | Found a deep blue altar of Sif Muna.
  1775 | D:3      | Gained mutation: You can fly. [Tengu growth]
  1775 | D:3      | Reached XP level 5. HP: 19/28 MP: 7/11
  1780 | D:3      | Reached XP level 6. HP: 6/32 MP: 2/13
  2085 | D:3      | Learned a level 4 spell: Iskenderun's Mystic Blast
  2252 | D:3      | Found a hazy altar of Hepliaklqana.
  3214 | D:4      | Reached skill level 1 in Fighting
  3214 | D:4      | Reached XP level 7. HP: 30/38 MP: 7/15
  3624 | D:4      | Noticed Dowan
  3626 | D:4      | Noticed Duvessa
  3627 | D:4      | Killed Duvessa
  3627 | D:4      | Reached skill level 5 in Spellcasting
  3668 | D:4      | Killed Dowan
  3803 | D:4      | Found a sparkling altar of Nemelex Xobeh.
  4210 | D:5      | Entered Level 5 of the Dungeon
  4951 | D:5      | Found a basalt altar of Yredelemnul.
  4960 | D:5      | Found a glowing golden altar of the Shining One.
  5151 | D:6      | Found a glowing drain.
  5178 | Sewer    | Entered a sewer
  5185 | Sewer    | Reached XP level 8. HP: 46/46 MP: 8/17
  5461 | Sewer    | Found a white marble altar of Elyvilon.
  5510 | Sewer    | Identified a scroll of acquirement
  5530 | D:6      | Identified the Reference Book on Execration (You acquired it on level 6 of the Dungeon)
  5725 | D:6      | Found an ancient bone altar of Kikubaaqudgha.
  5859 | D:6      | Found a stormy altar of Qazlal.
  5859 | D:6      | Found a white marble altar of Elyvilon.
  5976 | D:6      | Found a burning altar of Makhleb.
  5976 | D:6      | Noticed an Executioner
  5979 | D:6      | Noticed an orange demon
  6401 | D:7      | Learned a level 3 spell: Summon Guardian Golem
  6443 | D:7      | Reached skill level 1 in Summonings
  6506 | D:7      | Noticed MaidMarian's ghost (novice SpEn)
  6514 | D:7      | Killed MaidMarian's ghost
  6514 | D:7      | Reached skill level 5 in Fighting
  6514 | D:7      | Reached XP level 9. HP: 54/54 MP: 1/20
  7431 | D:7      | Got a smoking scale mail
  7442 | D:7      | Identified the +1 scale mail "Pufiar" {rC+} (You took it off an orc on level 7 of the Dungeon)
  7458 | D:7      | Reached skill level 5 in Summonings
  7548 | D:7      | Found a staircase to the Ecumenical Temple.
  7657 | Temple   | Entered the Ecumenical Temple
  7682 | Temple   | Became a worshipper of Vehumet
  7832 | D:8      | Noticed filthincarnate's ghost (novice GnWn)
  8088 | D:8      | Killed filthincarnate's ghost
  8361 | D:8      | Found Gozag's Platinum Reserve.
  8363 | D:8      | Noticed a two-headed ogre
  8363 | D:8      | Found Umanlul's Assorted Antiques.
  8558 | D:8      | Found an opulent altar of Gozag.
  8580 | D:8      | Killed a two-headed ogre
  8580 | D:8      | Reached XP level 10. HP: 63/63 MP: 0/22
  8980 | D:9      | Noticed a four-headed hydra
  9007 | D:9      | Found a sacrificial altar of Ru.
  9272 | D:9      | Noticed a brown ugly thing
  9528 | D:9      | Killed a four-headed hydra
  9528 | D:9      | Reached skill level 5 in Armour
  9528 | D:9      | Reached skill level 5 in Evocations
 10831 | D:9      | Reached * piety under Vehumet
 10831 | D:9      | Offered knowledge of Sting by Vehumet.
 10957 | D:9      | Mangled by a brown ugly thing

Skill      XL: |  1  2  3  4  5  6  7  8  9 10 |
---------------+-------------------------------+-----
Conjurations   | 6 7 8 |  8.1
Spellcasting   | 3 4 5 6 7 8 |  8.6
Fighting       | 1 3 5 7 |  7.0
Dodging        | 4 |  4.0
Summonings     | 3 6 |  6.3
Evocations     | 3 5 |  5.8
Armour         | 3 5 |  5.6
Stealth        | |  2.0

Action                   |  1- 3 |  4- 6 |  7- 9 | 10-12 || total
-------------------------+-------+-------+-------+-------++-------
Melee: Short sword       |       |     1 |     8 |       ||     9
       Kick              |       |     1 |       |       ||     1
       Peck              |       |       |     1 |       ||     1
 Cast: Magic Dart        |    48 |    98 |   250 |    64 ||   460
       Searing Ray       |       |     4 |    23 |    22 ||    49
       Iskenderun's Myst |       |       |    12 |     2 ||    14
       Summon Guardian G |       |       |     1 |       ||     1
 Abil: Fly               |       |       |     1 |       ||     1
  Use: Scroll            |       |     4 |    10 |       ||    14
       Potion            |       |     2 |       |       ||     2
  Eat: Chunk             |       |     8 |    11 |     4 ||    23
       Ration            |       |       |     2 |     1 ||     3
Armor: Robe              |     2 |     4 |     1 |       ||     7
       Ring mail         |       |       |    26 |       ||    26
       Scale mail        |       |       |    15 |    41 ||    56
Dodge: Dodged            |     2 |    11 |    72 |    65 ||   150
